 Dungeon Crawl Stone Soup version 0.27.0-1-g7a08968 (webtiles) character file.

Game seed: 16505960649559125527

126 GeorgeSoros the Magician (level 5, -1/37 HPs)
             Began as a Gnoll Hedge Wizard on Aug 12, 2021.
             Slain by an orc wizard (2 damage)
             ... on level 3 of the Dungeon.
             The game lasted 00:08:16 (3253 turns).

GeorgeSoros the Magician (Gnoll Hedge Wizard)       Turns: 3253, Time: 00:08:16

Health: -1/37      AC:  3    Str: 10    XL:     5   Next: 9%
Magic:  13/14      EV: 13    Int: 14    God:
Gold:   59         SH:  0    Dex: 11    Spells: 13/18 levels left

rFire    . . .     SeeInvis .   e - +0 spear
rCold    . . .     Faith    .   (no shield)
rNeg     . . .     Spirit   .   b - +0 robe
rPois    .         Reflect  .   c - +0 hat
rElec    .         Harm     .   i - +0 cloak
rCorr    .         Rampage  .   (no gloves)
Will     .....                  (no boots)
Stlth    +.........             (no amulet)
HPRegen  0.12/turn              (no ring)
MPRegen  0.14/turn              (no ring)

@: confused
A: fangs 1, strong nose, distributed training
a: no special abilities


You were on level 3 of the Dungeon.
You visited 1 branch of the dungeon, and saw 3 of its levels.

You collected 59 gold pieces.

Inventory:

Hand Weapons
 a - a +0 dagger
 e - a +0 spear (weapon)
Armour
 b - a +0 robe (worn)
 c - a +0 hat (worn)
 i - a +0 cloak (worn)
Potions
 d - a potion of brilliance {unknown}
 f - a potion of flight
 h - 3 potions of invisibility {unknown}


   Skills:
 + Level 1.3 Fighting
 + Level 1.3 Short Blades
 + Level 1.3 Long Blades
 + Level 1.3 Axes
 + Level 1.3 Maces & Flails
 + Level 1.3 Polearms
 + Level 1.3 Staves
 + Level 1.3 Slings
 + Level 1.3 Bows
 + Level 1.3 Crossbows
 + Level 1.3 Throwing
 + Level 1.3 Armour
 + Level 4.7 Dodging
 + Level 4.3 Stealth
 + Level 1.3 Shields
 + Level 1.3 Unarmed Combat
 + Level 7.2 Spellcasting
 + Level 2.3 Conjurations
 + Level 1.1 Hexes
 + Level 2.3 Summonings
 + Level 1.1 Necromancy
 + Level 2.3 Translocations
 + Level 1.1 Transmutations
 + Level 1.1 Fire Magic
 + Level 1.1 Ice Magic
 + Level 1.1 Air Magic
 + Level 1.1 Earth Magic
 + Level 1.1 Poison Magic
 + Level 1.5 Invocations
 + Level 1.3 Evocations


You had 13 spell levels left.
You knew the following spells:

 Your Spells              Type           Power      Damage    Failure   Level
a - Magic Dart            Conj           44%        1d5       5%          1
b - Call Imp              Summ           11%        N/A       8%          2
c - Blink                 Tloc           N/A        N/A       8%          2

Your spell library contained the following spells:

 Spells                   Type           Power      Damage    Failure   Level
 Slow                     Hex            8%         N/A       13%         2
 Conjure Flame            Conj/Fire      9%         6-21      21%         3
 Mephitic Cloud           Conj/Pois/Air  9%         N/A       22%         3


Dungeon Overview and Level Annotations

Branches:
Dungeon (3/15)

Altars:

Shops:
D:2 (


Innate Abilities, Weirdness & Mutations

You have very sharp teeth.
Your uncanny sense of smell can sniff out nearby items.
Your experience applies equally to all skills.


Message History

The magic dart hits the orc wizard but does no damage.
You hear a shout!
The orc wizard casts a spell.
The orc wizard flickers and vanishes!
Deactivating autopickup; reactivate with Ctrl-A.
The magic dart hits the orc.
The orc is heavily wounded.
The magic dart hits the orc.
The orc is severely wounded.
Your magical contamination has completely faded away.
Something hits you.
You miss something. Something hits you.
You hit something. Something hits you.
You barely miss something. Something hits you but does no damage.
You hit something. Something hits you.
You closely miss something. You bite something. Something hits you.
You barely miss something. Something barely misses you.
You barely miss something.
You hear some strange, mumbled words.
A magic dart appears from out of thin air!
The magic dart hits you!
You miss something. Something hits you.
You barely miss something. Something hits you but does no damage.
You barely miss something. You bite something. Something hits you.
You miss something. Something hits you. x2
You hit something but do no damage.
You hear some strange, mumbled words.
You are confused.
You completely miss something. Something hits you.
You're too confused to move!
You hear some strange, mumbled words.
A magic dart appears from out of thin air!
The magic dart hits you!
* * * LOW HITPOINT WARNING * * *
You miss something. Your bite misses something. Something hits you.
* * * LOW HITPOINT WARNING * * *
You miss something. You bite something. Something hits you.
* * * LOW HITPOINT WARNING * * *
You completely miss something. Something hits you.
You die...

#.#.# #.#.# #.#o#
#.#.# #.#.# #.#.#
#.#.# #.#.# #@#.#
#{#.#
#####o#o##########
........)...........
.######.#.#.......#
####.#)#.......##
..................
#####.#.#.......##
#.#.....#####


You could see an orc.

Vanquished Creatures
  An orc priest (D:3)
  An adder (D:2)
  2 dart slugs (D:1)
  An orc (D:3)
  4 ball pythons
  A giant cockroach (D:2)
  10 goblins
  5 hobgoblins
  5 jackals (D:1)
  2 quokkas (D:2)
  2 bats (D:2)
  4 frilled lizards
  A kobold (D:2)
  2 rats (D:2)
41 creatures vanquished.

Vanquished Creatures (collateral kills)
  Crazy Yiuf (D:2)
  Robin (D:2)
  An adder (D:2)
  A goblin (D:2)
4 creatures vanquished.

Vanquished Creatures (others)
  2 fungi (D:2)
2 creatures vanquished.

Grand Total: 47 creatures vanquished

Notes
Turn   | Place    | Note
-------+----------+-------------------------------------------
     0 | D:1      | GeorgeSoros the Gnoll Hedge Wizard began the quest for the
                  | Orb.
     0 | D:1      | Reached XP level 1. HP: 13/13 MP: 8/8
   257 | D:1      | Reached XP level 2. HP: 19/19 MP: 0/10
   933 | D:1      | Learned a level 2 spell: Call Imp
   936 | D:1      | Learned a level 2 spell: Blink
   989 | D:2      | Noticed Robin
   999 | D:1      | Reached XP level 3. HP: 14/25 MP: 9/11
  1303 | D:2      | Killed Robin
  1304 | D:2      | Reached skill level 1 in Invocations
  1600 | D:2      | Reached skill level 1 in Fighting
  1600 | D:2      | Reached skill level 1 in Short Blades
  1600 | D:2      | Reached skill level 1 in Long Blades
  1600 | D:2      | Reached skill level 1 in Axes
  1600 | D:2      | Reached skill level 1 in Maces & Flails
  1600 | D:2      | Reached skill level 1 in Polearms
  1600 | D:2      | Reached skill level 1 in Staves
  1600 | D:2      | Reached skill level 1 in Slings
  1600 | D:2      | Reached skill level 1 in Bows
  1600 | D:2      | Reached skill level 1 in Crossbows
  1600 | D:2      | Reached skill level 1 in Throwing
  1600 | D:2      | Reached skill level 1 in Armour
  1600 | D:2      | Reached skill level 1 in Shields
  1600 | D:2      | Reached skill level 1 in Unarmed Combat
  1600 | D:2      | Reached skill level 1 in Evocations
  1752 | D:2      | Reached XP level 4. HP: 32/32 MP: 10/13
  2058 | D:2      | Found a runed translucent door.
  2059 | D:2      | Noticed Crazy Yiuf
  2253 | D:2      | Found Zucwuihi's Antique Weapon Boutique.
  2662 | D:2      | Killed Crazy Yiuf
  2663 | D:2      | Reached skill level 1 in Hexes
  2663 | D:2      | Reached skill level 1 in Necromancy
  2663 | D:2      | Reached skill level 1 in Transmutations
  2663 | D:2      | Reached skill level 1 in Fire Magic
  2663 | D:2      | Reached skill level 1 in Ice Magic
  2663 | D:2      | Reached skill level 1 in Air Magic
  2663 | D:2      | Reached skill level 1 in Earth Magic
  2663 | D:2      | Reached skill level 1 in Poison Magic
  2823 | D:3      | Reached XP level 5. HP: 20/37 MP: 6/14
  3252 | D:3      | HP: 1/37 [something (2)]
  3253 | D:3      | Slain by an orc wizard

Illustrated notes

Levels and vault maps discovered:
D:1:      lightli_arrival_noodles, layout_loops_ring, fountainhead,
          amcnicky_mini_corridor_feature
D:2:      layout_basic, serial_shops, nicolae_shop_waterfront,
          uniq_crazy_yiuf_cottage, uniq_robin
D:3:      layout_basic, ebering_ecumenical_altar_abandoned, uniq_natasha,
          uniq_grinder

Skill      XL: |  1  2  3  4 |
---------------+-------------+-----
Conjurations   | 2 |  2.3
Summonings     | 2 |  2.3
Translocations | 2 |  2.3
Invocations    | 1 |  1.5
Fighting       | 1 |  1.3
Short Blades   | 1 |  1.3
Long Blades    | 1 |  1.3
Axes           | 1 |  1.3
Maces & Flails | 1 |  1.3
Polearms       | 1 |  1.3
Staves         | 1 |  1.3
Slings         | 1 |  1.3
Bows           | 1 |  1.3
Crossbows      | 1 |  1.3
Throwing       | 1 |  1.3
Armour         | 1 |  1.3
Shields        | 1 |  1.3
Unarmed Combat | 1 |  1.3
Evocations     | 1 |  1.3
Hexes          | 1 |  1.1
Necromancy     | 1 |  1.1
Transmutations | 1 |  1.1
Fire Magic     | 1 |  1.1
Ice Magic      | 1 |  1.1
Air Magic      | 1 |  1.1
Earth Magic    | 1 |  1.1
Poison Magic   | 1 |  1.1
Dodging        | |  4.7
Stealth        | |  4.3
Spellcasting   | |  7.2

Action                   |  1- 3 |  4- 6 || total
-------------------------+-------+-------++-------
Melee: Dagger            |     4 |       ||     4
       Spear             |    34 |    55 ||    89
       Bite              |     1 |     6 ||     7
 Cast: Magic Dart        |    68 |    43 ||   111
       Call Imp          |     5 |     5 ||    10
  Use: Scroll            |     5 |       ||     5
       Potion            |       |     1 ||     1
Armor: Robe              |     7 |     8 ||    15
Dodge: Dodged            |    34 |    26 ||    60
